AoeStats
← OWL | AlfredtheAlpaca

Nomad

509780971Analyzed
4v4 RM · 4d ago on Sep 28, 2026· 48m 36s· 8 players
Game mode
Random Map
Map size
231×231
Population
200
Speed
Normal
Resources
Standard
Victory
Conquest
Starting age
Dark Age
Ending age
Imperial Age
RankedLock teamsTeams togetherTeam positionsShared explorationLock speedFull tech treeHidden civsTurbo modeCheats
Victory
Defeat
🇺🇸 Franks · United States
1171
+15
🇺🇸 Varangians · United States
1141
+16
🇺🇸 Persians · United States
1130
+17
🇺🇸 Italians · United States
1073
+20
🇨🇦 Vietnamese · Canada
1173
-18
🇨🇦 Spanish · Canada
1167
-18
1138
-17
🇩🇪 Danes · Germany
1110
-15
OWL | AlfredtheAlpaca
4:31 Loom
13:44 Feudal Age
22:13 Bloodlines
31:31 Castle Age
29:53 Scale Barding Armor
29:59 Forging
31:53 Light Cavalry
32:40 Husbandry
43:04 Wheelbarrow
43:09 Fletching
43:21 Double-Bit Axe
45:51 Crossbowman
moi
5:14 Loom
13:21 Feudal Age
17:15 Castle Age
19:21 Gold Mining
21:03 Medium Warships
23:00 Double-Bit Axe
26:26 Padded Archer Armor
32:53 Imperial Age
34:00 Conscription
36:47 Wheelbarrow
38:00 Stone Mining
39:24 Husbandry
41:11 Bloodlines
DropDongHitBong420
5:52 Loom
15:37 Feudal Age
21:06 Castle Age
19:56 Stone Mining
20:19 Fletching
23:20 Bodkin Arrow
24:07 Double-Bit Axe
haspirits
4:44 Loom
15:53 Feudal Age
16:22 Double-Bit Axe
16:18 Fishing Lines
22:24 Castle Age
22:12 Gold Mining
23:41 Wheelbarrow
23:19 Medium Warships
23:02 Gillnets
24:26 Bow Saw
26:06 Hand Cart
26:55 Town Watch
27:43 Horse Collar
28:37 Stone Mining
29:18 Town Patrol
29:27 Heavy Plow
30:14 Pikeman
35:10 Imperial Age
32:04 Crossbowman
33:00 Fletching
33:55 Thumb Ring
33:50 Bodkin Arrow
35:21 Cranequins
35:32 Cranequins
36:41 Ballistics
36:19 Heavy Mounted Crossbowman
37:48 Conscription
39:25 Elite Skirmisher
39:45 Halberdier
41:34 Bracer
41:35 Padded Archer Armor
41:45 Forging
41:41 Scale Barding Armor
43:04 Imperial Skirmisher
46:38 Scale Mail Armor
47:13 Iron Casting
The Man The Myth The Legend
4:44 Loom
13:45 Feudal Age
14:22 Double-Bit Axe
14:43 Fishing Lines
16:28 Stone Mining
19:03 Castle Age
16:58 Horse Collar
17:33 Gold Mining
17:35 Stone Mining
18:37 Wheelbarrow
19:48 Fletching
20:03 Scale Mail Armor
20:11 Squires
19:57 Arson
20:38 Heavy Plow
20:48 Bow Saw
20:52 Bodkin Arrow
22:57 Forging
29:29 Bloodlines
29:53 Town Watch
31:25 Scale Barding Armor
33:54 Chain Barding Armor
33:36 Husbandry
38:15 Imperial Age
37:17 Iron Casting
37:45 Hand Cart
40:11 Plate Barding Armor
40:37 Conscription
40:11 Gold Mining
41:31 Stone Shaft Mining
43:01 Blast Furnace
44:05 Elite Jarl
47:57 Masonry
49:02 Town Patrol
King of Torts
5:22 Loom
12:56 Feudal Age
13:31 Double-Bit Axe
16:10 Fishing Lines
18:33 Castle Age
17:26 Gold Mining
19:24 Bow Saw
19:54 Gillnets
20:58 Gold Shaft Mining
20:33 Scale Barding Armor
20:39 Forging
21:45 Wheelbarrow
22:56 Chain Barding Armor
23:15 Husbandry
25:17 Town Watch
27:42 Fletching
28:24 Hand Cart
31:45 Iron Casting
37:54 Stone Mining
41:45 Imperial Age
41:49 Cavalier
43:07 Plate Barding Armor
43:05 Conscription
44:37 Blast Furnace
45:01 Conscription
46:12 Chivalry
47:53 Paladin
BurlyFlower4837
6:18 Loom
12:48 Feudal Age
13:18 Double-Bit Axe
15:16 Town Watch
17:03 Fletching
18:37 Padded Archer Armor
23:29 Castle Age
22:01 Horse Collar
24:16 Bow Saw
24:04 Bodkin Arrow
24:11 Crossbowman
26:03 Gold Mining
26:40 Leather Archer Armor
30:37 Ballistics
34:22 Heavy Plow
40:26 Imperial Age
38:46 Scale Mail Armor
39:44 Gold Shaft Mining
41:45 Chemistry
43:06 Wheelbarrow
42:20 Pikeman
43:34 Squires
45:37 Hand Cart
46:11 Halberdier
47:08 Chain Mail Armor
47:05 Forging
48:51 Plate Mail Armor
49:25 Iron Casting
49:16 Conscription
LostinHUH
5:54 Loom
14:59 Feudal Age
21:12 Fletching
27:54 Castle Age
31:14 Castle Age
31:02 Double-Bit Axe
33:28 Crossbowman
36:48 Gold Mining
37:18 Bow Saw
45:41 Redemption
Connection lost

Rejoining the realm…

Still unreachable

The connection could not be restored.

Session expired

The server has moved on; the page needs a fresh start.